Cogmind - Beta 15 @@@ ROGUE MODE // 2025.09.13 @ 10:19:50 Player: puppuppit Result: Destroyed by G-47 Trooper with Particle Gun Performance ------------- Evolutions (2) 1000 Regions Visited (7) 1400 Robots Destroyed (123) 615 Value Destroyed (2460) 2460 Prototype IDs (25) 500 Alien Tech Used (0) 0 Bonus (366) 366 TOTAL SCORE: 6341 Bonus ------- High Alert Combat Kills 27 Follower Combat Kills 39 Aligned with FarCom 300 Cogmind --------- Core Integrity 0/550 Matter 189/300 Energy 147/160 System Corruption 6% Temperature Warm (109) Movement Rolling (115) Ox2 Location -8/Materials Parts ------- > --- POWER (1) -------- Light Nuclear Core > --- PROPULSION (2) --- Wheel Armored Wheel > --- UTILITY (6) ------ Disposable Heat Sink High-capacity Storage Unit > --- WEAPON (2) ------- Advanced Beam Cannon > --- INVENTORY (20) --- Improved Heat Sink Superbattery (1500) High-capacity Matter Pod (200) Advanced Weight Redist. System Experimental Sensor Array Tractor Beam Advanced Beam Cannon Advanced Beam Cannon Datajack Peak State ------------ > --- POWER ------------ Light Nuclear Core > --- PROPULSION ------- Compact Wheel Compact Wheel > --- UTILITY ---------- Cooling System High-capacity Storage Unit Advanced Weight Redist. System Melee Analysis Suite Improved Weapon Shielding Reactive Plating > --- WEAPON ----------- Advanced Beam Cannon Advanced Beam Cannon > --- INVENTORY -------- Light Nuclear Core Reinforced Deuterium Engine Light Fission Core Wheel Armored Wheel Combat Airjet Improved Heat Sink Disposable Heat Sink Superbattery High-capacity Matter Pod Advanced Weight Redist. System Experimental Sensor Array Tractor Beam Advanced Beam Cannon Advanced Beam Cannon Advanced Beam Cannon Heavy Particle Cannon Rocket Launcher Missile Launcher Datajack [Rating: 32] Favorites ----------- Power Improved Ion Engine Engine Improved Ion Engine Power Core Light Nuclear Core Propulsion Compact Wheel Treads Light Treads Leg Carbon-fiber Leg Wheel Compact Wheel Hover Unit Combat Airjet Utility High-capacity Storage Unit Device Cooling System Storage High-capacity Storage Unit Processor Melee Analysis Suite Hackware Hacking Suite Protection Light Armor Plating Weapon Advanced Beam Cannon Energy Gun EM Pulse Gun Energy Cannon Advanced Beam Cannon Ballistic Gun Light Assault Rifle Ballistic Cannon Light Cannon Launcher Missile Launcher Special Melee Weapon Datajack Build | -11 -10 -10 -9 -9 -9 -8 -8 ------- Run | Yrd Mat Min Mat Min Exi Min Mat Slots Evolved 4 | . . . 2 . . . 2 Power . | . . . . . . . . Propulsion . | . . . . . . . . Utility 4 | . . . 2 . . . 2 Weapon . | . . . . . . . . Parts Attached 66 | 7 10 6 29 2 1 2 9 Power 7 | 1 . 1 2 . 1 . 2 Engine 6 | 1 . 1 2 . 1 . 1 Core 1 | . . . . . . . 1 Reactor . | . . . . . . . . Propulsion 15 | 3 1 2 6 . . 1 2 Treads 3 | 2 1 . . . . . . Leg 2 | . . 2 . . . . . Wheel 9 | 1 . . 6 . . 1 1 Hover 1 | . . . . . . . 1 Flight . | . . . . . . . . Utility 27 | 1 4 2 14 2 . 1 3 Device 9 | . . 1 5 1 . . 2 Storage 4 | 1 1 1 1 . . . . Processor 1 | . . . . . . . 1 Hackware 2 | . 1 . 1 . . . . Protection 11 | . 2 . 7 1 . 1 . Artifact . | . . . . . . . . Weapon 17 | 2 5 1 7 . . . 2 Energy Gun 2 | 1 1 . . . . . . Energy Cannon 6 | . . . 4 . . . 2 Ballistic Gun 3 | 1 2 . . . . . . Ballistic Cannon 2 | . . . 2 . . . . Launcher 3 | . 1 1 1 . . . . Special Weapon . | . . . . . . . . Impact Weapon . | . . . . . . . . Slashing Weapon . | . . . . . . . . Piercing Weapon . | . . . . . . . . Special Melee Weapon 1 | . 1 . . . . . . Unidentified Prototypes 2 | . . 1 1 . . . . Corrupted Parts 4 | . . 4 . . . . . System Corruption 13 | . . 13 . . . . . Parts Lost 26 | . 1 2 5 3 . 1 14 Power 3 | . . 1 1 . . . 1 Propulsion 6 | . . . 2 1 . . 3 Utility 10 | . . . 2 2 . 1 5 Weapon 7 | . 1 1 . . . . 5 Highest Loss Streak 10 | . 1 1 4 2 . 1 10 To Critical Strikes . | . . . . . . . . Average Backups 17 | 1 11 17 19 19 20 19 17 Power . | . . . . 1 2 2 1 Propulsion 1 | . . 2 2 2 3 3 2 Utility 7 | . 3 7 8 9 8 8 7 Weapon 6 | . 6 6 6 6 5 5 5 Tool/Special . | . . . . . . . . Unused Backups 32 | . 2 3 16 1 1 1 8 Power 3 | . . . . . . . 3 Propulsion 5 | . . . 4 1 . . . Utility 9 | . 2 1 2 . . 1 3 Weapon 15 | . . 2 10 . 1 . 2 Tool/Special . | . . . . . . . . Average Slot Usage (%) 97 | . 99 92 98 100 100 100 77 Engine 10 | . 14 7 10 11 11 11 6 Treads 7 | . 28 25 . . . . . Wheel 15 | . . . 21 22 22 22 14 Device 9 | . . . 9 21 22 14 11 Storage 11 | . 14 14 11 11 11 11 9 Hackware 5 | . 10 . 8 . . . . Protection 11 | . 2 14 13 11 11 18 10 Energy Gun 2 | . 3 13 . . . . . Energy Cannon 12 | . . . 15 21 22 21 16 Ballistic Gun 5 | . 23 13 . . . . . Ballistic Cannon 2 | . . . 5 . . . . Peak Build Rating 32 | 6 10 27 22 23 24 25 32 Average Rating 17 | 5 9 9 19 22 22 24 25 On Entrance 15 | . 6 8 18 20 23 23 25 Naked Turns . | . . . . . . . . Heaviest Build 71 | 11 28 58 63 69 67 69 71 Greatest Support 41 | 40 40 40 40 41 41 41 41 Greatest Overweight (x) 3 | . . 2 3 2 1 2 3 Average Overweight (x) . | . . . 1 1 1 1 1 Largest Inventory Capacity 20 | 8 15 20 20 20 20 20 20 Average Capacity 18 | 7 12 17 20 20 20 20 20 Most Carried 20 | 3 15 20 20 20 20 20 20 Average Carried 17 | 1 11 17 19 19 19 19 17 Final Capacity 20 | 8 15 20 20 20 20 20 20 Final Carried 20 | 3 15 19 20 20 20 19 9 Class Distribution -------------------- 100% | Mutant Dominant Class ---------------- Mutant | -10/Materials Mutant | -10/Mines Mutant | -9/Materials Mutant | -9/Mines Mutant | -9/Exiles Mutant | -8/Mines Mutant | -8/Materials Resources | -11 -10 -10 -9 -9 -9 -8 -8 ----------- Run | Yrd Mat Min Mat Min Exi Min Mat Matter Collected 3028 | 408 632 111 1321 333 20 117 86 Remotely . | . . . . . . . . Salvage Created 3897 | 191 809 113 2076 349 . 219 140 Parts 245 | 13 60 9 132 9 . 15 7 Haulers Intercepted 8 | . 2 . 6 . . . . Recyclers Shooed 10 | 1 . . 6 1 . 2 . Parts Field Recycled . | . . . . . . . . Retrieved Matter . | . . . . . . . . Parts Self-Destructed . | . . . . . . . . Prevented . | . . . . . . . . Kills | -11 -10 -10 -9 -9 -9 -8 -8 ------- Run | Yrd Mat Min Mat Min Exi Min Mat Combat Hostiles Destroyed 87 | . 17 6 35 17 . 8 4 Guns 15 | . 11 3 1 . . . . Cannons 35 | . . . 24 10 . . 1 AOE 37 | . 6 3 10 7 . 8 3 Classes Destroyed 13 | 3 5 . 3 2 . . . Worker 7 | 2 2 . 2 . . . 1 Builder 7 | . . . 7 . . . . Tunneler 2 | 2 . . . . . . . Hauler 8 | . 2 . 6 . . . . Recycler 17 | 1 3 . 8 2 . 3 . Operator 3 | . 1 . 2 . . . . Watcher 6 | . 2 . 4 . . . . Swarmer 29 | . 9 4 8 . . 8 . Grunt 31 | . 8 2 16 2 . . 3 Brawler 1 | . . . . 1 . . . Duelist 2 | . . . 1 . . . 1 Sentry 10 | . . . 10 . . . . Assembled 14 | . . . . 14 . . . Best Kill Streak 5 | 4 5 3 5 5 . 5 3 Combat Bots Only 5 | . 3 3 4 5 . 4 3 Max Kills in Single Turn 4 | 1 2 2 4 3 . 3 2 Gunslinging . | . . . . . . . . Exploded 3 | . 2 2 2 3 . 3 2 Melee . | . . . . . . . . Uniques/NPCs Destroyed . | . . . . . . . . Combat | -11 -10 -10 -9 -9 -9 -8 -8 -------- Run | Yrd Mat Min Mat Min Exi Min Mat Hostile Shots Fired 271 | . 60 14 90 22 . 16 69 Missed 68 | . 11 4 25 4 . 5 19 Hits 203 | . 49 10 65 18 . 11 50 Melee 3 | . . . . 3 . . . Projectile 200 | . 49 10 65 15 . 11 50 AOE 4 | . . . . 4 . . . Critical Strikes 9 | . . 1 1 . . 1 6 Actively Blocked 2 | . . 1 . . . . 1 Part Disruptions 1 | . . . . 1 . . . Damage Taken 3880 | . 547 268 839 407 . 147 1672 Core 1002 | . 69 29 234 92 . 22 556 Absorbed by Shields 88 | . . . 31 57 . . . Redirected to Shielding 155 | . 24 33 37 . . 5 56 Ignored by Resistances 65 | . . . . 25 . 8 32 Regen/Repaired (Parts) 147 | . 42 . 105 . . . . Core Remaining (%) 57 | 100 . 60 . . . 13 . Volleys Fired 280 | 19 63 9 121 29 . 11 28 Largest 2 | 2 2 2 2 2 . 2 2 Hottest 143 | 60 60 76 136 136 . 136 143 Shots Fired 539 | 38 120 17 240 55 . 21 48 Gun 173 | 38 114 15 6 . . . . Cannon 319 | . . . 217 44 . 17 41 Launcher 47 | . 6 2 17 11 . 4 7 Special . | . . . . . . . . Kinetic 216 | 19 102 7 88 . . . . Thermal 234 | . . . 132 44 . 17 41 Explosive 47 | . 6 2 17 11 . 4 7 Electromagnetic 42 | 19 12 8 3 . . . . Robot Hit Streak 22 | 6 9 17 22 5 . 4 7 Robot Miss Streak 4 | 2 2 2 3 4 . 2 3 Penetration Max . | . . . . . . . . Secondary Targets 3 | . 2 1 . . . . . Max Gunslinging Chain 1 | . 1 1 . . . . . Shots Hit Robots 319 | 24 78 13 136 23 . 11 34 Core Hits 175 | 8 39 6 73 25 . 11 13 Critical Kills 1 | . . . 1 . . . . Critical Parts Destroyed . | . . . . . . . . Critical Strikes 8 | 1 . . 7 . . . . Meltdown 1 | . . . 1 . . . . Blast 5 | . . . 5 . . . . Corrupt 2 | 1 . . 1 . . . . Melee Attacks 1 | . 1 . . . . . . Impact . | . . . . . . . . Slashing . | . . . . . . . . Piercing . | . . . . . . . . Sneak Attacks 1 | . 1 . . . . . . Combat Hostiles . | . . . . . . . . Follow-up Attacks . | . . . . . . . . Damage Inflicted 8974 | 289 1270 369 3964 998 . 787 1297 Guns 1289 | 247 823 162 57 . . . . Cannons 3840 | . . . 2567 441 . 201 631 Explosions 3845 | 42 447 207 1340 557 . 586 666 Melee . | . . . . . . . . Ramming . | . . . . . . . . Kinetic 1868 | 93 732 77 966 . . . . Thermal 3270 | 42 . 27 1708 661 . 201 631 Explosive 3458 | . 430 180 1259 337 . 586 666 Electromagnetic 378 | 154 108 85 31 . . . . Impact . | . . . . . . . . Slashing . | . . . . . . . . Piercing . | . . . . . . . . Highest Corruption 14 | . . 14 . . . . 6 Average Corruption 3 | . . 3 . . . . 6 Corruption Purged . | . . . . . . . . Corruption Blocked . | . . . . . . . . Effects 2 | . . 1 . . . . 1 Heat Flow Errors 1 | . . 1 . . . . . Weapon Failures 1 | . . . . . . . 1 Overload Shots . | . . . . . . . . Overflow Damage 220 | 9 17 24 74 12 . 64 20 Projectiles 26 | . . . 21 . . 5 . Explosions 194 | 9 17 24 53 12 . 59 20 Melee . | . . . . . . . . Knockbacks 6 | . . . 6 . . . . Impact . | . . . . . . . . Kinetic 6 | . . . 6 . . . . Secondary . | . . . . . . . . Self-Inflicted Damage 611 | . 76 118 79 106 . 60 172 Shots 17 | . 3 3 2 2 . 2 5 Rammed . | . . . . . . . . Targets Rammed . | . . . . . . . . Kicked . | . . . . . . . . Crushed . | . . . . . . . . Highest Temperature 301 | 40 40 148 144 168 . 54 301 Average Temperature 33 | 21 13 49 23 34 . 22 94 Received Heat Transfer 896 | . 174 57 283 40 . . 342 Siege Activations . | . . . . . . . . Martial Activations . | . . . . . . . . Shielding Activations . | . . . . . . . . Robots Disrupted . | . . . . . . . . Combat Hostiles . | . . . . . . . . Robots Corrupted . | . . . . . . . . Combat Hostiles . | . . . . . . . . Parts Fried . | . . . . . . . . Impact Corruptions . | . . . . . . . . Robots Melted 1 | . . . 1 . . . . Combat Hostiles . | . . . . . . . . Parts Melted 9 | . . . 7 1 . 1 . Heat Transferred 5482 | 50 . 50 2862 1077 . 333 1110 Parts Sabotaged . | . . . . . . . . Parts Stolen . | . . . . . . . . Parts Stripped . | . . . . . . . . Power Chain Reactions 2 | 1 . 1 . . . . . Alert | -11 -10 -10 -9 -9 -9 -8 -8 ------- Run | Yrd Mat Min Mat Min Exi Min Mat Maximum Alert Level 2 | . 1 . 2 1 . . . Low Security (%) 66 | 100 86 100 48 27 . 100 100 Level 1 28 | . 13 . 42 72 . . . Level 2 4 | . . . 9 . . . . Level 3 . | . . . . . . . . Level 4 . | . . . . . . . . Level 5 . | . . . . . . . . High Security . | . . . . . . . . Max Security . | . . . . . . . . Peak Influence 521 | 20 262 144 521 376 . 106 83 Initial 202 | . . 91 27 202 . . . Average 153 | 2 83 42 231 242 . 44 30 Influence Increases 2931 | 25 598 173 1370 342 . 225 198 Destroy 0b10 Robot/C 1480 | . 340 120 700 80 . 160 80 Destroy 0b10 Robot/NC 250 | 25 50 . 145 10 . 15 5 Destroy Leader 388 | . 78 30 230 20 . 20 10 Allied During Kill 2 | . . . . 2 . . . Trap Triggered on 0b10 10 | . 10 . . . . . . Successful Hack 55 | . 16 . 37 . . . 2 Select Force Hacks 120 | . 60 . 60 . . . . Disable Machine 210 | . 15 . 45 150 . . . Destroy Structure 356 | . 29 23 138 80 . 30 56 Lose Combat Pursuer 60 | . . . 15 . . . 45 Influence Decreases 2931 | 25 364 334 924 693 168 225 198 Entered New Map 674 | . . 143 46 317 168 . . Time Decay 1830 | 25 354 180 678 286 . 225 82 Lost Part 217 | . 10 11 50 30 . . 116 Lost Ally 60 | . . . . 60 . . . Purge Threat 150 | . . . 150 . . . . Squads Dispatched 15 | . 6 . 7 . . . 2 Investigation 9 | . 5 . 4 . . . . Extermination . | . . . . . . . . Reinforcement 6 | . 1 . 3 . . . 2 Assault . | . . . . . . . . Garrison . | . . . . . . . . Intercept . | . . . . . . . . Searches Triggered . | . . . . . . . . Construction Impeded 2 | . . . 1 . . . 1 Haulers Reinforced . | . . . . . . . . Active Scanning Responses . | . . . . . . . . Cargo Convoy Interrupts . | . . . . . . . . Stealth | -11 -10 -10 -9 -9 -9 -8 -8 --------- Run | Yrd Mat Min Mat Min Exi Min Mat Distress Signals 3 | . 1 . 2 . . . . Communications Jammed . | . . . . . . . . Distress Signals . | . . . . . . . . Times Spotted 124 | . 26 6 50 21 . 7 14 Peak Tracking Total 7 | . 4 3 5 7 . 4 6 Tactical Retreats 3 | . . . 1 1 . . 1 Traps | -11 -10 -10 -9 -9 -9 -8 -8 ------- Run | Yrd Mat Min Mat Min Exi Min Mat Traps Triggered 2 | . 1 1 . . . . . Indirectly . | . . . . . . . . Trap Hack Attempts 34 | . 32 . 2 . . . . Triggered . | . . . . . . . . Disarmed 6 | . . . 6 . . . . Reprogrammed 5 | . 4 . 1 . . . . Reused 1 | . 1 . . . . . . Traps Extracted . | . . . . . . . . Installed . | . . . . . . . . Triggered 1 | . 1 . . . . . . Machines | -11 -10 -10 -9 -9 -9 -8 -8 ---------- Run | Yrd Mat Min Mat Min Exi Min Mat Machines Disabled 15 | . 1 . 4 10 . . . Max in Single Turn 10 | . 1 . 1 10 . . . Machines Repaired . | . . . . . . . . Machines Dismantled . | . . . . . . . . Machines Sabotaged . | . . . . . . . . Overloaded Fab Kills . | . . . . . . . . Hacking | -11 -10 -10 -9 -9 -9 -8 -8 --------- Run | Yrd Mat Min Mat Min Exi Min Mat Machines Accessed 29 | . 9 1 16 . 2 . 1 Terminals 16 | . 6 . 10 . . . . Fabricators . | . . . . . . . . Repair Stations 3 | . 1 . 2 . . . . Recycling Units 4 | . 2 . 2 . . . . Scanalyzers 3 | . . . 2 . . . 1 Garrison Access . | . . . . . . . . Total Hacks 117 | . 36 1 69 . 2 . 9 Successful 84 | . 22 1 51 . 2 . 8 Failed 32 | . 14 . 17 . . . 1 Catastrophic . | . . . . . . . . Database Lockouts 1 | . . . 1 . . . . Manual 72 | . 29 . 42 . 1 . . Terminals 59 | . 22 . 37 . . . . Fabricators . | . . . . . . . . Repair Stations 13 | . 4 . 9 . . . . Recycling Units 18 | . 10 . 8 . . . . Scanalyzers 24 | . . . 15 . . . 9 Garrison Access . | . . . . . . . . Terminal Hacks 10 | . 3 1 4 . 2 . . Record 1 | . . . . . 1 . . Robot Analysis 4 | . 3 . 1 . . . . Open Door 1 | . . 1 . . . . . Terminal Index 1 | . . . 1 . . . . Unreport Threat 1 | . . . 1 . . . . Disarm Traps 1 | . . . 1 . . . . Proto ID Catalog 1 | . . . . . 1 . . Fabricator Hacks . | . . . . . . . . Repair Station Hacks 11 | . 3 . 8 . . . . Scan Component 6 | . 2 . 4 . . . . Repair 5 | . 1 . 4 . . . . Recycling Unit Hacks 1 | . . . 1 . . . . Retrieve Components 1 | . . . 1 . . . . Scanalyzer 23 | . . . 15 . . . 8 Insert Component 10 | . . . 7 . . . 3 Analyze 13 | . . . 8 . . . 5 Garrison Access Hacks . | . . . . . . . . Unauthorized Hacks 39 | . 16 . 23 . . . . Terminals 27 | . 10 . 17 . . . . Botnet 10 | . 4 . 6 . . . . Disrupt 1 | . . . 1 . . . . Operators 2 | . 1 . 1 . . . . Skim 14 | . 5 . 9 . . . . Fabricators . | . . . . . . . . Repair Stations . | . . . . . . . . Recycling Units 12 | . 6 . 6 . . . . Reject 2 | . 1 . 1 . . . . Recyclers 3 | . 1 . 2 . . . . Mask 3 | . 2 . 1 . . . . Tunnel 4 | . 2 . 2 . . . . Scanalyzers . | . . . . . . . . Garrison Access . | . . . . . . . . Data Cores Recovered 1 | . 1 . . . . . . Used . | . . . . . . . . Hacking Detections 22 | . 9 . 13 . . . . Full Trace Events 5 | . 2 . 3 . . . . Feedback Events . | . . . . . . . . Feedback Blocked . | . . . . . . . . Robot Schematics Acquired . | . . . . . . . . Robots Built . | . . . . . . . . Authchips . | . . . . . . . . Time . | . . . . . . . . Total Robot Build Rating . | . . . . . . . . Part Schematics Acquired 10 | . . . 7 . . . 3 Parts Built . | . . . . . . . . Authchips . | . . . . . . . . Time . | . . . . . . . . Total Part Build Rating . | . . . . . . . . Parts Repaired 5 | . 1 . 4 . . . . Time 298 | . 26 . 272 . . . . Parts Recycled . | . . . . . . . . Recycled Matter . | . . . . . . . . Retrieved Matter . | . . . . . . . . Retrieved Components . | . . . . . . . . Parts Scanalyzed 10 | . . . 7 . . . 3 Part Schematics Acquired 10 | . . . 7 . . . 3 Parts Damaged 3 | . . . 2 . . . 1 Bothacking | -11 -10 -10 -9 -9 -9 -8 -8 ------------ Run | Yrd Mat Min Mat Min Exi Min Mat Used RIF Installer . | . . . . . . . . Robots Hacked 1 | . 1 . . . . . . Non-combat 1 | . 1 . . . . . . Combat . | . . . . . . . . Robot Hacks Applied 1 | . 1 . . . . . . parse_system 1 | . 1 . . . . . . Relay Couplers Released . | . . . . . . . . Fabnet Peak Effective % . | . . . . . . . . Robots Rewired . | . . . . . . . . Allies Hacked . | . . . . . . . . Hacks Repelled . | . . . . . . . . Allies | -11 -10 -10 -9 -9 -9 -8 -8 -------- Run | Yrd Mat Min Mat Min Exi Min Mat Total Allies 3 | . . . . 3 . . . Largest Group 3 | . . . . 3 . . . Highest-Rated Group 40 | . . . . 40 . . . Highest-Rated Ally 16 | . . . . 16 . . . Total Orders . | . . . . . . . . Ally Attacks 12 | . . . . 12 . . . Total Damage 96 | . . . . 96 . . . Kills 1 | . . . . 1 . . . Allies Corrupted . | . . . . . . . . Allies Melted . | . . . . . . . . Intel | -11 -10 -10 -9 -9 -9 -8 -8 ------- Run | Yrd Mat Min Mat Min Exi Min Mat Active Infowar (turns) 43 | . . 2 . 41 . . . Sensors 2 | . . 2 . . . . . Structural 41 | . . . . 41 . . . Robot Analysis Total 4 | . 3 . 1 . . . . Derelict Logs Recovered 3 | . . 1 . 2 . . . Drone Launches . | . . . . . . . . Drone Recoveries . | . . . . . . . . Exploration | -11 -10 -10 -9 -9 -9 -8 -8 ------------- Run | Yrd Mat Min Mat Min Exi Min Mat Turns Passed 6483 | 158 1217 580 2673 634 397 576 248 Spaces Moved 3914 | 60 586 266 1676 443 339 435 109 Core 1 | 1 . . . . . . . Treads 890 | 55 586 246 3 . . . . Legs 48 | . . 20 28 . . . . Wheels 2975 | 4 . . 1645 443 339 435 109 Hover . | . . . . . . . . Flight . | . . . . . . . . Fastest Speed 50 | 50 160 160 115 115 115 115 115 Average Speed 130 | 152 160 197 117 115 115 122 122 Slowest Speed 265 | 160 160 265 265 130 115 130 145 Overloaded Moves . | . . . . . . . . Propulsion Burnouts . | . . . . . . . . Robots Hopped . | . . . . . . . . Potential Cave-ins . | . . . . . . . . Cave-ins Triggered 2 | . . . . . . . 2 Exploration Rate (%) 59 | 4 70 55 97 97 70 67 13 Regions Visited 7 Branch Regions 4 Pre-discovered Areas 7 | . 2 1 3 . 1 . . Known Exits Taken 4 | . 1 1 1 . . 1 . Unknown Exits Taken 3 | 1 . . . 1 1 . . Scrap Searched 5 | . . 1 . 2 . 2 . Spaces Dug 19 | . 8 . . 11 . . . Terrain Destroyed 431 | 6 29 35 143 108 . 44 66 Melee . | . . . . . . . . Projectile 3 | . . . . 3 . . . AOE 428 | 6 29 35 143 105 . 44 66 Terrain Rammed . | . . . . . . . . Walls Destroyed . | . . . . . . . . Machines Disabled . | . . . . . . . . Actions | -11 -10 -10 -9 -9 -9 -8 -8 --------- Run | Yrd Mat Min Mat Min Exi Min Mat Total 4766 | 89 754 303 2139 506 346 455 174 Wait 261 | . 31 4 207 8 . . 11 Move 3907 | 59 585 265 1675 442 338 434 109 Hop . | . . . . . . . . Pick Up 80 | 3 17 11 37 4 3 1 4 Fast Attach 18 | 7 2 . 7 . . . 2 Attach 25 | . 1 2 6 5 . 1 10 Detach 6 | . . . 4 2 . . . Swap 92 | . 15 7 42 15 2 6 5 Drop 62 | 1 7 5 38 1 3 2 5 Fire 280 | 19 63 9 121 29 . 11 28 Melee 1 | . 1 . . . . . . Ram . | . . . . . . . . Kick . | . . . . . . . . Crush . | . . . . . . . . Escape Stasis . | . . . . . . . . Rewire . | . . . . . . . . Trap 34 | . 32 . 2 . . . . Miscellaneous . | . . . . . . . . Route ------- -11/Scrapyard -10/Materials (discovered 5 exits: *Mat x2 / *Min x2 / [*Sub]) -10/Mines -9/Materials (discovered 5 exits: *Mat x3 / *Min x2) -9/Mines (discovered 3 exits: *Mat x2 / *Exi) -9/Exiles -8/Mines (discovered 2 exits: *Mat x2) -8/Materials (discovered 1 exit: *Sto) History --------- Turn | Location | Event 12 | -11/Scrapyard | Discovered new exit (range 16) 159 | -11/Scrapyard | Entered Materials 341 | -10/Materials | Build established: Mutant 529 | -10/Materials | Discovered new exit (range 14) 610 | -10/Materials | Loaded intel: 2 recycling unit locations 657 | -10/Materials | Learned Storage emergency access door positions 695 | -10/Materials | Identified exit to Materials 695 | -10/Materials | Identified exit to Mines 723 | -10/Materials | Learned Recycling recycling unit intel 740 | -10/Materials | Learned Materials recycling unit intel 765 | -10/Materials | Learned 4 Subcaves zone layouts 837 | -10/Materials | Discovered exit to Mines (range 13) 849 | -10/Materials | Discovered new exit (range 9) 1098 | -10/Materials | Repaired Assault Rifle 1376 | -10/Materials | Entered Mines 1387 | -10/Mines | Met a Derelict bent on vengeance 1405 | -10/Mines | Received a Rocket Launcher from a helpful Derelict 1603 | -10/Mines | Met a Derelict who couldn't figure out how to use a Trap Extractor 1746 | -10/Mines | Found a damaged Exp. Sensor Array with a note attached 1751 | -10/Mines | Found Prototype Device 1879 | -10/Mines | Discovered exit to Materials (range 6) 1900 | -10/Mines | System corruption reached 10% 1903 | -10/Mines | Identified Exp. Sensor Array 1956 | -10/Mines | Entered Materials 1956 | -9/Materials | Evolved 2 slots: Utility x2 1957 | -9/Materials | Loaded intel: 2 recycling unit locations 2222 | -9/Materials | Discovered new exit (range 8) 2278 | -9/Materials | Lost 4 parts (1p1n2u) 2421 | -9/Materials | Identified exit to Materials 2458 | -9/Materials | Loaded intel: 17 trap records 2506 | -9/Materials | Learned Materials trap positions 2560 | -9/Materials | Central database locked down 2571 | -9/Materials | Identified exit to Mines 2817 | -9/Materials | Core integrity fell below 50% 3220 | -9/Materials | Repaired Broken Missile Launcher? 3410 | -9/Materials | Repaired Broken Exp. Sensor Array? 4010 | -9/Materials | Repaired Imp. Ion Engine 4062 | -9/Materials | Repaired Adv. Beam Cannon 4629 | -9/Materials | Entered Mines 4635 | -9/Mines | Assembled infested the area 4641 | -9/Mines | Assisted by bots powering up and referring to "LRC-V3" 4701 | -9/Mines | Lost 3 allies 5049 | -9/Mines | Learned 2 Materials zone layouts 5063 | -9/Mines | Discovered exit to Materials (range 11) 5188 | -9/Mines | Core integrity fell below 20% 5221 | -9/Mines | Learned Materials trap positions 5229 | -9/Mines | Discovered exit to Materials (range 12) 5259 | -9/Mines | Deemed a non-threat by the Exiles lab entrance 5259 | -9/Mines | Discovered new exit (range 5) 5263 | -9/Mines | Entered Exiles 5322 | -9/Exiles | Met 8R-AWN 5340 | -9/Exiles | Met EX-HEX 5411 | -9/Exiles | Met EX-DEC 5431 | -9/Exiles | Learned location of Zion (-6) 5452 | -9/Exiles | Met EX-BIN 5470 | -9/Exiles | Aligned with FarCom system 5472 | -9/Exiles | Given EX-Vault access code 5509 | -9/Exiles | Opened EX-Vault 5524 | -9/Exiles | Found Superbattery 5548 | -9/Exiles | Warned to stay clear of 0b10 Research branches 5650 | -9/Exiles | Discovered new exit (range 10) 5660 | -9/Exiles | Left Exiles lab with Superbattery 5660 | -9/Exiles | Entered Mines 5889 | -8/Mines | Discovered exit to Materials (range 7) 6007 | -8/Mines | Discovered exit to Materials (range 10) 6236 | -8/Mines | Entered Materials 6236 | -8/Materials | Evolved 2 slots: Utility x2 6237 | -8/Materials | Identified exit to Storage 6239 | -8/Materials | Loaded intel: 20 trap records 6422 | -8/Materials | Lost 4 parts (1n3u) 6440 | -8/Materials | Crushed by falling debris 6440 | -8/Materials | Core integrity fell below 50% 6449 | -8/Materials | Crushed by falling debris 6467 | -8/Materials | Core integrity fell below 20% 6484 | -8/Materials | Destroyed by G-47 Trooper with Particle Gun Last Messages --------------- 06456_ U-05 Engineer builds a Wall. 06458_ Com. Wheel destroyed. 06461_ Penetrated by Slug. 06461_ Adv. Beam Cannon destroyed. 06461_ U-05 Engineer destroyed. 06463_ The unstable cave ceiling collapses. 06463_ U-05 Engineer lays Concrete. 06464_ The unstable cave ceiling collapses. 06464_ Terrain Scanner crushed. 06464_ U-05 Engineer builds a Wall. 06466_ Penetrated by Slug. 06466_ U-05 Engineer knocked back. 06466_ U-05 Engineer system corrupted by crushing effect. 06470_ U-05 Engineer lays Concrete. 06471_ U-05 Engineer builds a Wall. 06473_ Hvy. Particle Cannon destroyed. 06473_ Knocked back. 06473_ U-05 Engineer lays Concrete. 06475_ U-05 Engineer builds a Wall. Map ----- +----------------------------------------------------+ | ?????????????????????????????????????????????????? | | ?????????????????????????????????????????????????? | | ?????????????????????????????????????????????????? | | ?????????????????????????????????????????????????? | | ?????????????????????????????????????????????????? | | ?????????????????????????????????????????????????? | | ?????????????????????????????????????????????????? | | ??????????????????????????????????????????????^??? | | ?????????????????????????????????????????????????? | | ?????????????????????????????????????????????????? | | ??????????????????Y??????????????????????????????? | | ???????????????????????????????????????????????^^? | | ????????????????????????????????????????????????^? | | ?????????????????????????????????????????????????? | | ?????????????????????????????????????????????????? | | ?????????????????????????????????????????????????? | | ?????????????????????????????????????????????????? | | ??????????w?????g??###########???????????????????? | | ???????????????????# #???????????????????? | | ???????????????????# """ #???????????????????? | | ?????????????????### """ #???????????????????? | | ????????????????? # "" #???????????????????? | | ????????????????? +^ " " #???????????????????? | | ????????????????? # "R" #???????????????????? | | ?????????????????#%# %g """ #???????????????????? | | ?????#????????####%# g @ #???????????????????? | | ?????# ????# %#!# H########???????????????????? | | ?????+ """ # ## # #???????????????????????? | | ?????# "R #%# #######?????????????????? | | ?????# """ gg = ! #?????????????????? | | ?????# # %""" #??????# | | ?????# """ # """ ##?????# """ """ | | ?????# """ ## # """ ==="#?????# """ """ | | ???????""" ??# """ ===#??????# """ """ | | ??????? ??# """ # """ ===##?????# | | ??????######???# """ # """ % "#?????############ | | ???????????????# # """ % %"#????????????????# | | ???????????????######## "#?????????????#### | | ??????????????????????##### "################# | | ???????????????????????#" % % % | | ??????????????????> % | | ?????????????? ###" | | ??????????????## ?????#"""""+################# | | ???????????????????????## #?????????##### | | ????????????????????????# #?????????# | | ????????????????????????# #?????????# | | ????????????????????????# #?????????# | | ????????????????????????# #?????????# | | ????????????????????????# #?????????# * | | ????????????????????????# #?????????# ! | +----------------------------------------------------+ Best States ------------- Heat Dissipation 53 Coolant Potential 50 Energy Generation 18 Energy Capacity 275 Matter Stores 300 Matter Capacity 300 Sight Range 16 Terrain Scan Density 10 Additional Mass Support 9 Armor Coverage 300 Resistance: KI 20 Propulsion Shielding 33 Weapon Shielding 66 Evasion (%) 44 Melee Accuracy 5 Recoil Reduction 2 Offensive Hacking 10 Item Schematics ----------------- Missile Launcher | -9/Materials | Scanalyzed Exp. Sensor Array | -9/Materials | Scanalyzed Weapon Shielding | -9/Materials | Scanalyzed Adv. Weight Redist. System | -9/Materials | Scanalyzed Cooling System | -9/Materials | Scanalyzed Adv. Beam Cannon | -9/Materials | Scanalyzed Reactive Plating | -9/Materials | Scanalyzed Lgt. Fission Core | -8/Materials | Scanalyzed Cmb. Airjet | -8/Materials | Scanalyzed Arm. Wheel | -8/Materials | Scanalyzed Robot Schematics ------------------ None Fabricated ------------ Nothing Repaired ---------- Assault Rifle | 58% | -10/Materials Missile Launcher | 22% | -9/Materials | Broken Exp. Sensor Array | 62% | -9/Materials | Broken Imp. Ion Engine | 58% | -9/Materials Adv. Beam Cannon | 94% | -9/Materials Alien Tech Used ----------------- None Achievements -------------- None Challenges ------------ None Game ------ Seed MetafieldMediumPropulsion Manual? 0 Play Time 00:59:36 Cumulative 599.7 hours Start 2025.09.13 @ 09:20:56 End 2025.09.13 @ 10:19:50 Sessions 1 Manual Loads 0 Difficulty Rogue Special Mode None Game No. 303 Rogue 303 Adventurer 0 Explorer 0 Win Type - Total 7 Types 3/0/2/1/0/0/0/0/0/1 Lore% 87 Gallery% 79 Achievement% 69 Wizard Run 0 Options --------- Layout 2 ASCII 0 Keyboard 1 Movement Vi Keybinds 0 Fullscreen 2 Font 16/Tamsyn Map View 55x47 Zoom Use 0% Tactical HUD 1 Map Filters NONE Filters NONE Steam 0 RUN: 1cf5fd49-54eb-452a-b9d3-ea0661de6d73